 Dungeon Crawl Stone Soup version 0.31-a0-691-g409c26aa35 (webtiles) character file.

Game seed: 10012177133899411384

20 qw the Shooter (level 2, 0/17 HPs)
             Began as a Gargoyle Hunter on Sept 6, 2023.
             Slain by a kobold
             ... wielding a +0 whip
              (3 damage)
             ... on level 1 of the Dungeon.
             The game lasted 00:00:12 (205 turns).

qw the Shooter (Gargoyle Hunter)                     Turns: 205, Time: 00:00:12

Health: 0/17       AC:  5    Str: 14    XL:     2   Next: 79%
Magic:  2/2        EV: 11    Int:  9    God:
Gold:   18         SH:  0    Dex: 13    Spells: 1/1 levels left

rFire   . . .        a - +0 shortbow
rCold   . . .        (shield currently unavailable)
rNeg    + . .        c - +0 leather armour
rPois   inf          (no helmet)
rElec   +            (no cloak)
rCorr   .            (no gloves)
SInv    .            (no boots)
Will    .....        (no amulet)
Stlth   +            (no ring)
HPRegen 0.22/turn    (no ring)
MPRegen 0.08/turn

%: no passive effects
@: no status effects
A: sickness immunity, AC +2, negative energy resistance 1, electricity
resistance, torment resistance 1, petrification resistance
a: no special abilities


You were on level 1 of the Dungeon.
You visited 1 branch of the dungeon, and saw 1 of its levels.

You collected 18 gold pieces.


Innate Abilities, Weirdness & Mutations

You are immune to sickness and miasma.
Your stone body is resilient. (AC +2)
You are immune to poison.
You resist negative energy. (rN+)
You are resistant to electric shocks. (rElec)
You are resistant to unholy torment.
You are immune to petrification.


   Skills:
 - Level 2.1 Fighting
 + Level 4.8 Ranged Weapons
 - Level 1.5 Dodging
 - Level 1.1 Stealth


You had one spell level left.
You didn't know any spells.
Your spell library was empty.

Inventory:

Hand Weapons
 a - a +0 shortbow (weapon)
Armour
 c - a +0 leather armour (worn)
Jewellery
 g - a ring of wizardry
Scrolls
 b - a scroll of butterflies
 d - a scroll of revelation {unknown}
 f - a scroll of identify {unknown}
Potions
 e - a potion of enlightenment {unknown}
 h - a potion of heal wounds {unknown}

Dungeon Overview and Level Annotations

Branches:
Dungeon (1/15)

Altars:


Message History

You kill the bat!
Found a stone staircase leading down.
You now have 18 gold pieces (gained 2).
h - a viscous brown potion 2 kobolds come into view.
The kobold shouts! x2
You shoot an arrow. The arrow closely misses the kobold.
Something unseen opens the door.
You shoot an arrow. The arrow closely misses the kobold.
The kobold closely misses you.
A kobold comes into view. It is wielding a +0 whip.
You shoot an arrow. The arrow closely misses the kobold.
The kobold hits you with a +0 whip.
You shoot an arrow.
The arrow hits the kobold but does no damage.
The kobold hits you but does no damage.
You shoot an arrow. The arrow completely misses the kobold.
The arrow misses the kobold.
An endoplasm comes into view.
The kobold hits you but does no damage. The kobold hits you with a +0 whip.
The kobold barely misses you.
The endoplasm moves out of view.
You shoot an arrow. The arrow closely misses the kobold.
The kobold closely misses you.
You shoot an arrow. The arrow hits the kobold.
You kill the kobold!
The kobold hits you but does no damage. x2
You shoot an arrow. The arrow closely misses the kobold.
The endoplasm quivers.
The kobold completely misses you. The kobold closely misses you.
You shoot an arrow.
The arrow hits the kobold but does no damage.
The kobold hits you with a +0 whip. x2
You shoot an arrow. The arrow barely misses the kobold.
The kobold closely misses you. The kobold hits you but does no damage.
You shoot an arrow. The arrow hits the kobold.
You kill the kobold!
The kobold hits you with a +0 whip. The kobold hits you but does no damage.
You shoot an arrow. The arrow barely misses the kobold.
The kobold hits you with a +0 whip.
You die...

#......).....##...#.....#...#
.............##.8.+.....'.<.#
.............##...#.....#...#
.............######.....#####
..#####...#### ###'### ..
###.# #...# . #.## #.8.# .
#..####### #...# ##.....K@#
##### #######))...# J...#.#
..##.# ... .# .... .# ..... '
...... #


You could see an endoplasm and a kobold.

Vanquished Creatures
  A dart slug (D:1)
  A ball python (D:1)
  4 bats (D:1)
  An endoplasm (D:1)
  A giant cockroach (D:1)
  7 kobolds (D:1)
  A quokka (D:1)
  A rat (D:1)
17 creatures vanquished.

Notes
Turn   | Place    | Note
-------+----------+-------------------------------------------
     0 | D:1      | qw the Gargoyle Hunter began the quest for the Orb.
     0 | D:1      | Reached XP level 1. HP: 12/12 MP: 1/1
     0 | D:1      | 0 ||| qw: Version: 0.3-a-76-g4403597
     0 | D:1      | 0 ||| qw: Game counter: 37
     0 | D:1      | 0 ||| qw: Melee chars always use a shield: true
     0 | D:1      | 0 ||| qw: God list: Okawaru
     0 | D:1      | 0 ||| qw: Allow faded altars: false
     0 | D:1      | 0 ||| qw: Do Orc after clearing Dungeon:15 true
     0 | D:1      | 0 ||| qw: Do second Lair branch before Depths: true
     0 | D:1      | 0 ||| qw: Lair rune preference: random
     0 | D:1      | 0 ||| qw: Goals: Normal
     0 | D:1      | 0 ||| PLANNING D:1-11
    60 | D:1      | Reached XP level 2. HP: 17/17 MP: 2/2
    74 | D:1      | 74 ||| Stepping ~*~*~tactically~*~*~ (outnumbered).
   202 | D:1      | HP: 3/17 [kobold/+0 whip (5)]
   205 | D:1      | Slain by a kobold

Levels and vault maps discovered:
D:1:      minmay_arrival_stair_chambers, layout_basic

Action                     || total
---------------------------++-------
   Fire: Shortbow          ||    63
 Armour: Leather armour    ||    32
  Dodge: Dodged            ||    29

Table legend:
 A = Non-vault XP
 B = Vault XP
 C = Vault XP percentage of total XP
 D = Non-vault monster count
 E = Vault monster count
 F = Vault count percentage of total count
                 A         B        C        D         E       F
            +---------+---------+-------+---------+---------+-------
      Total |      29 |       0 |   0.0 |      17 |       0 |   0.0
            +---------+---------+-------+---------+---------+-------
        D:1 |      29 |       0 |   0.0 |      17 |       0 |   0.0
            +---------+---------+-------+---------+---------+-------
